Map: [EWC] Crimson Court

Players

Serral

  • Race: Zerg Zerg
  • Spawn Location: 1:00

Clem - Winner!

  • Race: Terran Terran
  • Spawn Location: 7:00

Event: Esports World Cup 2024

VOD

Have the link to the VOD?

Description

Time

  • Played on: Aug. 18, 2024, 11:16 a.m.
  • Length: 10:09

All games in this series

Show
View Real Time Build Order
Export as new Build Order

Serral Zerg 

Build Orders: Hatch First, Lurkers 

Get SALT Encoding   

  12  0:00  Drone  
  13  0:08  Drone  
  14  0:14  Extractor  
  14  0:15  Drone  
  15  0:37  Hatchery  
  14  0:42  Extractor  
  14  0:43  Drone  
  14  0:48  Overlord  
  15  1:02  Spawning Pool  
  14  1:06  Drone  
  14  1:09  Drone  
  16  1:13  Drone  
  16  1:17  Drone  
  18  1:27  Extractor  
  18  1:28  Drone  
  18  1:39  Drone  
  19  1:49  Queen x2  
  19  1:50  Zergling x2  
  19  1:52  Drone  
  25  2:00  Overlord  
  25  2:01  Drone  
  26  2:11  Drone x2  
  28  2:21  Drone x2  
  30  2:25  Queen  
  30  2:29  Queen  
  34  2:33  Drone  
  34  2:35  Overlord  
  35  2:42  Drone  
  36  2:45  Overlord  
  35  2:54  Drone x2  
  37  2:58  Drone x5  
  37  3:01  Drone  
  43  3:08  Lair  
  43  3:11  Drone  
  44  3:17  Drone  
  44  3:19  Roach Warren, Drone  
  45  3:20  Drone  
  45  3:23  Extractor  
  45  3:24  Extractor  
  44  3:30  Drone x3  
  44  3:31  Drone x2  
  44  3:33  Drone  
  50  3:37  Overlord  
  50  3:49  Pneumatized Carapace  
  50  3:55  Evolution Chamber  
  49  3:59  Drone x2  
  49  4:01  Drone  
  53  4:04  Roach, Extractor  
  53  4:05  Roach x2  
  53  4:08  Overlord  
  58  4:10  Spore Crawler  
  58  4:13  Roach  
  61  4:17  Overlord  
  61  4:22  Hatchery  
  60  4:27  Roach x2  
  64  4:32  Roach  
  64  4:35  Overlord  
  66  4:39  Overlord  
  66  4:40  Roach  
  66  4:41  Roach  
  66  4:44  Overlord  
  70  4:53  Glial Reconstitution  
  70  4:55  Roach x2  
  70  4:59  Roach  
  80  5:00  Roach x2  
  80  5:07  Roach x3  
  80  5:11  Queen  
  80  5:14  Overlord  
  86  5:23  Roach x3  
  90  5:30  Evolution Chamber  
  90  5:31  Evolution Chamber, Ravager x2  
  90  5:34  Drone x4  
  92  5:37  Ravager  
  92  5:39  Drone x2  
  92  5:40  Ravager, Drone  
  92  5:41  Drone  
  87  5:43  Drone  
  87  5:44  Drone  
  87  5:45  Drone  
  87  5:48  Drone x2  
  84  5:50  Drone  
  84  5:53  Overlord  
  84  5:55  Ravager  
  84  5:56  Drone  
  87  5:57  Drone  
  87  6:02  Zerg Ground Armor Level 1  
  88  6:06  Zerg Missile Weapons Level 1  
  88  6:09  Drone x4  
  90  6:12  Drone x2  
  90  6:15  Ravager  
  90  6:17  Drone x2, Ravager  
  83  6:19  Drone  
  83  6:22  Queen  
  83  6:23  Extractor x2  
  83  6:24  Extractor  
  80  6:26  Drone  
  80  6:27  Drone x2  
  83  6:33  Roach  
  83  6:34  Roach  
  83  6:37  Drone  
  83  6:39  Overlord  
  88  6:40  Roach x2  
  88  6:41  Hatchery  
  91  6:49  Infestation Pit, Drone  
  91  6:50  Drone  
  91  6:51  Roach x3  
  98  6:54  Overlord  
  98  6:56  Overseer  
  98  6:57  Overlord  
  98  7:01  Metabolic Boost, Drone  
  99  7:04  Roach x3  
  99  7:07  Overlord  
  105  7:08  Roach  
  105  7:10  Roach  
  105  7:11  Roach  
  111  7:20  Drone x3  
  114  7:25  Overlord  
  114  7:26  Ravager  
  114  7:28  Infestor  
  114  7:29  Infestor  
  116  7:32  Unknown  
  116  7:33  Unknown  
  116  7:34  Drone  
  116  7:35  Drone  
  117  7:39  Drone  
  117  7:40  Hive  
  117  7:41  Hydralisk Den, Roach  
  117  7:43  Unknown  
  118  7:45  Roach x3, Zergling x8  
  118  7:50  Roach  
  128  7:56  Queen  
  128  7:57  Drone x2  
  132  7:59  Zergling x10  
  132  8:04  Overlord  
  137  8:10  Zergling x2  
  137  8:11  Zergling x8  
  142  8:16  Overlord  
  142  8:17  Lurker Den  
  142  8:19  Zergling x4  
  141  8:31  Hydralisk x5  
  151  8:35  Ravager  
  151  8:40  Zergling x14  
  151  8:41  Zergling x2  
  154  8:44  Queen  
  155  8:54  Hydralisk x2  
  155  8:55  Zergling x6  
  160  9:00  Overlord  
  160  9:02  Roach, Zergling x2  
  160  9:08  Overlord x6  
  160  9:19  Lurker x4  
  160  9:26  Zergling x20  
  160  9:30  Lurker  
  169  9:34  Roach x3  
  154  9:42  Roach x4, Zergling x2  
  143  9:46  Roach, Zergling x2  
Show
View Real Time Build Order
Export as new Build Order

Clem Terran - Winner!

Build Orders: Reaper Expand 

Get SALT Encoding   

  12  0:00  SCV  
  13  0:12  SCV  
  14  0:16  Supply Depot  
  14  0:24  SCV  
  15  0:38  SCV  
  15  0:39  Barracks  
  16  0:43  Refinery  
  16  0:50  SCV  
  17  1:02  SCV  
  18  1:14  SCV  
  19  1:27  Orbital Command, Reaper  
  20  1:37  Command Center  
  20  1:47  Supply Depot  
  20  1:52  SCV  
  21  1:58  Marine  
  22  2:04  SCV  
  23  2:10  Factory  
  23  2:16  SCV  
  23  2:19  Barracks Reactor  
  24  2:28  SCV  
  25  2:37  Command Center  
  25  2:40  SCV  
  26  2:49  Orbital Command  
  26  2:52  SCV  
  27  2:59  Barracks  
  27  3:01  Barracks Tech Lab  
  27  3:05  SCV  
  28  3:07  Hellion  
  32  3:13  Hellion  
  32  3:15  SCV  
  32  3:17  SCV  
  34  3:20  Marine  
  34  3:22  Refinery  
  34  3:26  Stimpack  
  35  3:27  SCV  
  35  3:29  SCV  
  37  3:38  Marine  
  37  3:40  SCV  
  37  3:41  SCV  
  40  3:49  Orbital Command  
  40  3:50  Starport  
  40  3:55  Marine  
  40  3:56  SCV, Marine x2  
  40  3:57  Factory Reactor  
  40  3:58  SCV  
  44  4:04  Supply Depot  
  44  4:08  SCV  
  45  4:11  SCV  
  45  4:12  Marine  
  45  4:14  Marine x2  
  45  4:15  SCV  
  48  4:20  SCV  
  48  4:22  Bunker  
  48  4:23  SCV  
  50  4:27  SCV, Supply Depot  
  50  4:30  Marine  
  52  4:31  Marine  
  52  4:32  SCV  
  52  4:35  SCV  
  52  4:36  Barracks  
  52  4:37  Medivac  
  57  4:38  Marine  
  57  4:39  SCV  
  57  4:44  SCV  
  57  4:45  Medivac, Supply Depot  
  62  4:47  SCV  
  62  4:48  Marine  
  62  4:49  Factory Tech Lab, Refinery  
  62  4:51  SCV  
  62  4:52  Marine  
  66  4:56  SCV, Refinery  
  66  4:59  SCV  
  68  5:00  Engineering Bay x2  
  68  5:03  Marine  
  68  5:04  SCV  
  70  5:08  SCV, Supply Depot, Marine  
  70  5:12  Combat Shield  
  70  5:13  SCV  
  73  5:15  Marine  
  73  5:17  SCV  
  73  5:20  SCV, Marine  
  77  5:25  SCV, Marine  
  77  5:26  Siege Tank  
  80  5:29  SCV  
  80  5:31  Supply Depot  
  80  5:33  Marine x3  
  83  5:36  Starport Reactor  
  83  5:38  SCV, Marine  
  83  5:41  SCV  
  83  5:42  SCV  
  84  5:43  Marine  
  80  5:50  SCV  
  80  5:51  Marine x3  
  80  5:52  Barracks  
  80  5:53  Terran Infantry Weapons Level 1  
  80  5:54  Barracks  
  80  5:56  Marine  
  82  5:57  Orbital Command, Supply Depot, Terran Infantry Armor Level 1  
  82  6:01  Siege Tank, Marine  
  86  6:04  SCV  
  86  6:05  SCV  
  86  6:06  Orbital Command  
  86  6:12  Supply Depot  
  86  6:13  Supply Depot, Marine  
  86  6:14  Marine x2  
  86  6:16  SCV, Marine  
  86  6:18  SCV  
  86  6:19  Marine  
  86  6:21  Medivac  
  86  6:23  Medivac  
  91  6:28  SCV  
  91  6:30  SCV, Marine  
  91  6:31  Supply Depot  
  91  6:32  SCV, Marine  
  95  6:33  Marine x2  
  95  6:36  Supply Depot  
  95  6:37  Marine  
  99  6:40  Siege Tank  
  99  6:42  Barracks Reactor  
  99  6:43  SCV, Barracks Reactor  
  103  6:47  SCV  
  103  6:48  Marine  
  103  6:49  Supply Depot  
  103  6:52  SCV, Refinery  
  103  6:53  Marine x2  
  103  6:54  Marine  
  108  6:56  SCV  
  108  6:58  Refinery  
  108  6:59  SCV  
  108  7:00  Factory  
  111  7:04  Supply Depot, Marine  
  112  7:10  Armory  
  112  7:12  Marine x3  
  112  7:13  Siege Tank  
  112  7:15  Medivac  
  120  7:20  Marine x4  
  120  7:21  Marine  
  125  7:23  Marauder  
  125  7:24  Concussive Shells  
  125  7:27  SCV  
  126  7:30  Marine x3  
  129  7:38  Marine x2, Command Center  
  129  7:41  Supply Depot, Marine  
  129  7:44  Medivac  
  134  7:45  Factory Tech Lab  
  134  7:46  Marine  
  134  7:50  Marine  
  134  7:51  Marine x3  
  137  7:52  Siege Tank, Marauder  
  137  7:57  Supply Depot, Marine  
  143  7:59  Marine  
  144  8:07  Marine x2  
  144  8:10  Marine x4  
  144  8:12  Marine, Terran Vehicle Weapons Level 1  
  150  8:17  Supply Depot  
  150  8:18  Supply Depot  
  151  8:21  Marine x2  
  151  8:22  Siege Tank  
  151  8:24  Siege Tank  
  151  8:26  Supply Depot  
  158  8:29  Medivac  
  158  8:30  Medivac, Marine x2  
  158  8:32  Marine  
  165  8:38  Marine x3  
  166  8:42  Marine  
  166  8:44  Barracks x2  
  166  8:46  Barracks  
  166  8:47  Marine x2  
  167  8:59  Siege Tank, Marine x2  
  167  9:00  Marine x2  
  174  9:04  Ghost Academy  
  174  9:07  Siege Tank  
  177  9:11  Medivac  
  177  9:12  Medivac, Unknown  
  177  9:13  Sensor Tower  
  177  9:15  Marine  
  177  9:16  Marine x2  
  184  9:18  Marauder  
  184  9:27  Planetary Fortress  
  184  9:29  SCV  
  178  9:36  Siege Tank  
  178  9:37  SCV, Marine  
  174  9:40  Marauder  
  174  9:44  Marine  
  174  9:45  Barracks Tech Lab x2, Marine x3  
  167  9:46  Barracks Tech Lab  
  167  9:49  Marine x3  
  162  9:53  SCV  
  162  9:55  SCV  
Tags
 
Add a new tag
Caveats
  • Supply blocks, unpowered buildings, or Contaminate may cause inaccurate times.
  • Supply counts are checked every 10 seconds.